2833 views
Uploaded 2020-02-23 17:13:42
Game version 1.32 / 1.32.1
22:19 long 3on3 ladder game on (6)GnollWood
Saved by iggythefisk
2833 views
Uploaded 2020-02-23 17:13:42
Game version 1.32 / 1.32.1
22:19 long 3on3 ladder game on (6)GnollWood


79 units @ 7.2k
/ 0.6k
164 buildings @ 10k
/ 5.2k
Mata
(22:33) : 


| Staff of Sanctuary | 2 | 500 |
| Staff of Teleportation | 2 | 300 |
| Boots of Speed | 1 | 250 |
| Orb of Lightning | 1 | 375 |
| total: | 6 | 1425g |
| Peasant | 37 | 2775 | / | 0 |
| Dragonhawk Rider | 1 | 200 | / | 30 |
| total: | 38 | 2975g | / | 30w |
| Scout Tower | 105 | 3150 | / | 2100 |
| Arcane Tower | 6 | 420 | / | 300 |
| Guard Tower | 52 | 3640 | / | 2600 |
| Altar of Kings | 1 | 180 | / | 50 |
| Farm | 5 | 400 | / | 100 |
| Lumber Mill | 2 | 240 | / | 0 |
| Arcane Vault | 2 | 260 | / | 60 |
| Town Hall | 1 | 385 | / | 205 |
| Barracks | 1 | 160 | / | 60 |
| Blacksmith | 1 | 140 | / | 60 |
| Gryphon Aviary | 1 | 140 | / | 150 |
| Arcane Sanctum | 1 | 150 | / | 140 |
| Keep | 1 | 320 | / | 210 |
| Castle | 1 | 360 | / | 210 |
| total: | 120 | 5205g | / | 2925w |
| 0:01 | Peasant |
| 0:05 | Altar of Kings |
| 0:06 | Peasant |
| 0:20 | Farm |
| 0:22 | Peasant |
| 1:19 | Peasant |
| 1:23 | Scout Tower |
| 1:27 | Peasant |
| 1:43 | Lumber Mill |
| 1:46 | Peasant |
| 1:50 | Scout Tower |
| 1:51 | Arcane Tower |
| 2:07 | Peasant |
| 2:12 | Farm |
| 2:15 | Peasant |
| 2:20 | Blizzard |
| 2:27 | Peasant |
| 2:58 | Peasant |
| 3:14 | Arcane Vault |
| 3:52 | Arcane Vault |
| 3:55 | Town Hall |
| 3:59 | Scout Tower |
| 4:00 | Scout Tower |
| 4:04 | Brilliance Aura |
| 4:05 | Guard Tower |
| 4:06 | Peasant |
| 4:06 | Peasant |
| 4:10 | Scout Tower |
| 4:27 | Guard Tower |
| 4:30 | Staff of Teleportation |
| 4:55 | Scout Tower |
| 4:55 | Scout Tower |
| 4:55 | Scout Tower |
| 5:06 | Peasant |
| 5:06 | Peasant |
| 5:22 | Guard Tower |
| 5:24 | Scout Tower |
| 5:25 | Scout Tower |
| 5:25 | Guard Tower |
| 5:29 | Peasant |
| 5:42 | Scout Tower |
| 5:42 | Scout Tower |
| 5:52 | Guard Tower |
| 5:53 | Guard Tower |
| 5:54 | Scout Tower |
| 6:21 | Peasant |
| 6:21 | Peasant |
| 6:24 | Scout Tower |
| 6:25 | Scout Tower |
| 6:29 | Scout Tower |
| 6:30 | Peasant |
| 6:34 | Peasant |
| 6:47 | Scout Tower |
| 6:48 | Scout Tower |
| 6:49 | Improved Masonry |
| 6:51 | Guard Tower |
| 6:58 | Guard Tower |
| 6:59 | Scout Tower |
| 7:08 | Guard Tower |
| 7:13 | Peasant |
| 7:15 | Guard Tower |
| 7:27 | Peasant |
| 7:29 | Peasant |
| 7:29 | Peasant |
| 7:48 | Keep |
| 7:49 | Guard Tower |
| 7:50 | Guard Tower |
| 7:52 | Scout Tower |
| 7:52 | Scout Tower |
| 8:00 | Peasant |
| 8:02 | Guard Tower |
| 8:13 | Guard Tower |
| 8:16 | Peasant |
| 8:44 | Scout Tower |
| 8:44 | Scout Tower |
| 8:46 | Scout Tower |
| 9:26 | Guard Tower |
| 9:27 | Scout Tower |
| 9:27 | Scout Tower |
| 9:28 | Scout Tower |
| 9:28 | Scout Tower |
| 9:29 | Scout Tower |
| 9:33 | Guard Tower |
| 10:03 | Blizzard |
| 10:16 | Scout Tower |
| 10:19 | Guard Tower |
| 10:20 | Scout Tower |
| 10:21 | Scout Tower |
| 10:22 | Scout Tower |
| 10:23 | Scout Tower |
| 10:26 | Scout Tower |
| 10:26 | Scout Tower |
| 10:27 | Guard Tower |
| 10:48 | Guard Tower |
| 10:50 | Guard Tower |
| 10:54 | Scout Tower |
| 10:57 | Guard Tower |
| 10:58 | Scout Tower |
| 10:59 | Peasant |
| 11:01 | Advanced Masonry |
| 11:03 | Scout Tower |
| 11:04 | Scout Tower |
| 11:06 | Peasant |
| 11:07 | Guard Tower |
| 11:09 | Scout Tower |
| 11:09 | Scout Tower |
| 11:10 | Scout Tower |
| 11:10 | Scout Tower |
| 11:11 | Peasant |
| 11:12 | Peasant |
| 11:24 | Scout Tower |
| 11:28 | Farm |
| 11:33 | Guard Tower |
| 11:47 | Lumber Mill |
| 11:48 | Scout Tower |
| 11:49 | Scout Tower |
| 11:51 | Scout Tower |
| 11:52 | Scout Tower |
| 11:55 | Peasant |
| 11:58 | Guard Tower |
| 11:58 | Guard Tower |
| 11:59 | Scout Tower |
| 12:00 | Scout Tower |
| 12:02 | Castle |
| 12:37 | Guard Tower |
| 12:38 | Peasant |
| 12:38 | Peasant |
| 12:57 | Improved Lumber Harvesting |
| 13:07 | Scout Tower |
| 13:07 | Scout Tower |
| 13:08 | Scout Tower |
| 13:10 | Scout Tower |
| 13:10 | Scout Tower |
| 13:11 | Scout Tower |
| 13:13 | Guard Tower |
| 13:14 | Scout Tower |
| 13:15 | Scout Tower |
| 13:15 | Scout Tower |
| 13:15 | Scout Tower |
| 13:16 | Peasant |
| 13:16 | Peasant |
| 13:28 | Storm Bolt |
| 13:45 | Guard Tower |
| 13:49 | Peasant |
| 13:52 | Scout Tower |
| 13:52 | Scout Tower |
| 13:53 | Scout Tower |
| 13:53 | Scout Tower |
| 13:54 | Scout Tower |
| 13:54 | Scout Tower |
| 14:38 | Arcane Tower |
| 14:42 | Guard Tower |
| 14:48 | Imbued Masonry |
| 14:48 | Advanced Lumber Harvesting |
| 14:48 | Peasant |
| 14:50 | Farm |
| 14:54 | Guard Tower |
| 14:56 | Arcane Tower |
| 14:58 | Scout Tower |
| 14:59 | Scout Tower |
| 15:06 | Guard Tower |
| 15:07 | Gryphon Aviary |
| 15:10 | Barracks |
| 15:15 | Blacksmith |
| 15:24 | Arcane Sanctum |
| 15:27 | Staff of Sanctuary |
| 15:31 | Guard Tower |
| 15:34 | Scout Tower |
| 15:35 | Scout Tower |
| 15:36 | Scout Tower |
| 15:37 | Arcane Tower |
| 15:40 | Scout Tower |
| 15:41 | Scout Tower |
| 15:42 | Scout Tower |
| 15:45 | Scout Tower |
| 15:46 | Scout Tower |
| 16:28 | Farm |
| 16:41 | Arcane Tower |
| 16:44 | Guard Tower |
| 16:45 | Scout Tower |
| 16:46 | Scout Tower |
| 17:09 | Bash |
| 17:10 | Guard Tower |
| 17:13 | Scout Tower |
| 17:15 | Scout Tower |
| 17:16 | Scout Tower |
| 17:20 | Holy Light |
| 17:23 | Guard Tower |
| 17:26 | Scout Tower |
| 17:26 | Scout Tower |
| 17:27 | Scout Tower |
| 17:37 | Guard Tower |
| 17:45 | Animal War Training |
| 17:49 | Guard Tower |
| 17:54 | Dragonhawk Rider |
| 18:01 | Magic Sentry |
| 18:03 | Studded Leather Armor |
| 18:09 | Arcane Tower |
| 18:09 | Guard Tower |
| 18:10 | Guard Tower |
| 18:12 | Scout Tower |
| 18:16 | Scout Tower |
| 18:16 | Scout Tower |
| 18:17 | Scout Tower |
| 18:18 | Scout Tower |
| 18:19 | Scout Tower |
| 18:20 | Scout Tower |
| 18:20 | Scout Tower |
| 18:21 | Guard Tower |
| 18:41 | Guard Tower |
| 18:43 | Scout Tower |
| 18:44 | Scout Tower |
| 18:44 | Scout Tower |
| 18:45 | Scout Tower |
| 19:00 | Peasant |
| 19:04 | Guard Tower |
| 19:04 | Guard Tower |
| 19:21 | Staff of Sanctuary |
| 19:27 | Staff of Teleportation |
| 19:27 | Boots of Speed |
| 19:38 | Scout Tower |
| 19:38 | Scout Tower |
| 19:39 | Scout Tower |
| 19:40 | Scout Tower |
| 19:40 | Guard Tower |
| 19:41 | Guard Tower |
| 19:42 | Scout Tower |
| 19:43 | Scout Tower |
| 19:43 | Scout Tower |
| 19:44 | Scout Tower |
| 20:02 | Guard Tower |
| 20:24 | Orb of Lightning |
| 20:28 | Guard Tower |
| 22:07 | Brilliance Aura |
| 22:11 | Divine Shield |
| Right click | 1321 |
| Select | 770 |
| Select group | 232 |
| Build/train/purchase | 151 |
| Assign group | 72 |
| Use ability | 43 |
| Resource trade | 19 |
| Misc. action | 15 |
| Minimap ping | 14 |
| Remove unit | 2 |
| Item give/drop | 1 |
⇛
iggythefisk
(22:33) : 

| Healing Salve | 3 | 300 |
| Lesser Clarity Potion | 4 | 280 |
| Tiny Great Hall | 1 | 600 |
| Boots of Speed | 2 | 500 |
| Staff of Teleportation | 2 | 300 |
| Circlet of Nobility | 1 | 175 |
| Potion of Invisibility | 1 | 100 |
| total: | 14 | 2255g |
| Peon | 14 | 1050 | / | 0 |
| Troll Batrider | 14 | 2240 | / | 560 |
| total: | 28 | 3290g | / | 560w |
| Watch Tower | 16 | 1760 | / | 1280 |
| Altar of Storms | 1 | 180 | / | 50 |
| Orc Burrow | 4 | 640 | / | 160 |
| War Mill | 1 | 205 | / | 0 |
| Voodoo Lounge | 1 | 130 | / | 30 |
| Beastiary | 1 | 145 | / | 140 |
| Stronghold | 1 | 315 | / | 190 |
| Fortress | 1 | 325 | / | 190 |
| total: | 24 | 3060g | / | 1660w |
| 0:01 | Peon |
| 0:03 | Altar of Storms |
| 0:07 | Peon |
| 0:18 | Orc Burrow |
| 0:19 | Peon |
| 0:38 | Peon |
| 1:07 | War Mill |
| 1:13 | Peon |
| 1:29 | Peon |
| 1:34 | Voodoo Lounge |
| 1:38 | Peon |
| 1:55 | Peon |
| 2:11 | Peon |
| 2:21 | Watch Tower |
| 2:23 | Peon |
| 2:28 | Wind Walk |
| 2:38 | Watch Tower |
| 3:03 | Watch Tower |
| 3:22 | Stronghold |
| 3:43 | Watch Tower |
| 3:45 | Watch Tower |
| 3:55 | Boots of Speed |
| 3:56 | Staff of Teleportation |
| 3:58 | Circlet of Nobility |
| 4:33 | Watch Tower |
| 4:42 | Healing Salve |
| 4:43 | Healing Salve |
| 4:46 | Lesser Clarity Potion |
| 5:22 | Watch Tower |
| 5:25 | Spiked Barricades |
| 5:33 | Critical Strike |
| 6:02 | Lesser Clarity Potion |
| 6:08 | Orc Burrow |
| 6:29 | Fortress |
| 6:52 | Watch Tower |
| 7:26 | Watch Tower |
| 7:52 | Lesser Clarity Potion |
| 7:57 | Watch Tower |
| 7:59 | Hex |
| 8:36 | Wind Walk |
| 9:53 | Beastiary |
| 9:55 | Watch Tower |
| 9:56 | Watch Tower |
| 9:56 | Watch Tower |
| 9:59 | Reinforced Defenses |
| 10:47 | Healing Wave |
| 11:15 | Troll Batrider |
| 11:20 | Boots of Speed |
| 11:20 | Staff of Teleportation |
| 11:21 | Potion of Invisibility |
| 11:41 | Watch Tower |
| 11:42 | Watch Tower |
| 11:47 | Lesser Clarity Potion |
| 11:47 | Healing Salve |
| 11:48 | Troll Batrider |
| 11:55 | Steel Ranged Weapons |
| 12:17 | Tiny Great Hall |
| 12:25 | Watch Tower |
| 12:37 | Orc Burrow |
| 12:47 | Liquid Fire |
| 13:26 | Troll Batrider |
| 13:51 | Troll Batrider |
| 14:29 | Critical Strike |
| 14:53 | Troll Batrider |
| 15:15 | Troll Batrider |
| 15:20 | Orc Burrow |
| 16:18 | Troll Batrider |
| 17:19 | Wind Walk |
| 17:27 | Troll Batrider |
| 17:28 | Troll Batrider |
| 17:56 | Troll Batrider |
| 17:56 | Troll Batrider |
| 17:56 | Troll Batrider |
| 17:58 | Thorium Ranged Weapons |
| 19:45 | Peon |
| 19:45 | Peon |
| 19:45 | Peon |
| 19:45 | Peon |
| 21:04 | Troll Batrider |
| 21:04 | Troll Batrider |
| 21:52 | Healing Wave |
| Right click | 1504 |
| Assign group | 639 |
| Select group | 416 |
| Select | 163 |
| Chat | 142 |
| Build/train/purchase | 134 |
| Use ability | 48 |
| Resource trade | 5 |
| Misc. action | 4 |
| Minimap ping | 4 |
| Item give/drop | 2 |

| Circlet of Nobility | 1 | 175 |
| Periapt of Vitality | 1 | 325 |
| Staff of Teleportation | 1 | 150 |
| Boots of Speed | 1 | 250 |
| Healing Salve | 2 | 200 |
| total: | 6 | 1100g |
| Peasant | 13 | 975 | / | 0 |
| total: | 13 | 975g | / | 0w |
| Scout Tower | 9 | 270 | / | 180 |
| Arcane Tower | 3 | 210 | / | 150 |
| Guard Tower | 5 | 350 | / | 250 |
| Altar of Kings | 2 | 360 | / | 100 |
| Farm | 6 | 480 | / | 120 |
| Lumber Mill | 2 | 240 | / | 0 |
| Town Hall | 1 | 385 | / | 205 |
| Keep | 1 | 320 | / | 210 |
| total: | 20 | 1735g | / | 605w |
| 0:02 | Peasant |
| 0:03 | Peasant |
| 0:08 | Altar of Kings |
| 0:10 | Farm |
| 0:22 | Peasant |
| 0:29 | Peasant |
| 1:03 | Lumber Mill |
| 1:05 | Peasant |
| 1:07 | Scout Tower |
| 1:26 | Farm |
| 1:32 | Peasant |
| 1:32 | Peasant |
| 1:36 | Arcane Tower |
| 1:41 | Peasant |
| 1:51 | Peasant |
| 2:06 | Scout Tower |
| 2:08 | Scout Tower |
| 2:13 | Farm |
| 2:18 | Peasant |
| 2:22 | Scout Tower |
| 2:24 | Blizzard |
| 2:38 | Guard Tower |
| 3:07 | Guard Tower |
| 3:09 | Scout Tower |
| 3:13 | Scout Tower |
| 3:15 | Peasant |
| 3:15 | Peasant |
| 3:41 | Circlet of Nobility |
| 3:44 | Periapt of Vitality |
| 3:54 | Guard Tower |
| 3:56 | Guard Tower |
| 4:08 | Staff of Teleportation |
| 4:08 | Boots of Speed |
| 4:26 | Farm |
| 4:27 | Farm |
| 4:53 | Peasant |
| 5:23 | Improved Masonry |
| 5:48 | Altar of Kings |
| 7:24 | Farm |
| 7:25 | Scout Tower |
| 7:37 | Brilliance Aura |
| 7:50 | Lumber Mill |
| 11:32 | Arcane Tower |
| 11:43 | Healing Salve |
| 11:59 | Scout Tower |
| 12:01 | Scout Tower |
| 13:26 | Blizzard |
| 13:52 | Guard Tower |
| 17:31 | Healing Salve |
| 17:54 | Town Hall |
| 20:16 | Brilliance Aura |
| 21:21 | Keep |
| Right click | 1532 |
| Select group | 270 |
| Select | 210 |
| Chat | 205 |
| Build/train/purchase | 68 |
| Use ability | 61 |
| Misc. action | 33 |
| Resource trade | 25 |
| Minimap ping | 16 |
| Assign group | 7 |
| Esc | 3 |
| Item give/drop | 2 |
106 units @ 16.2k
/ 2.5k
49 buildings @ 7k
/ 2.8k


| Lesser Clarity Potion | 3 | 210 |
| Scroll of Regeneration | 5 | 500 |
| Potion of Healing | 1 | 150 |
| Orb of Fire | 1 | 325 |
| Potion of Mana | 1 | 200 |
| Scroll of Healing | 1 | 250 |
| Potion of Lesser Invulnerability | 2 | 300 |
| total: | 14 | 1935g |
| Peasant | 12 | 900 | / | 0 |
| Footman | 9 | 1215 | / | 0 |
| Rifleman | 11 | 2255 | / | 330 |
| Mortar Team | 10 | 1800 | / | 700 |
| Forest Troll Berserker | 1 | 245 | / | 30 |
| Forest Troll Shadow Priest | 1 | 195 | / | 10 |
| total: | 44 | 6610g | / | 1070w |
| Scout Tower | 1 | 30 | / | 20 |
| Arcane Tower | 1 | 70 | / | 50 |
| Altar of Kings | 1 | 180 | / | 50 |
| Farm | 7 | 560 | / | 140 |
| Barracks | 1 | 160 | / | 60 |
| Arcane Vault | 3 | 390 | / | 90 |
| Blacksmith | 2 | 280 | / | 120 |
| Lumber Mill | 1 | 120 | / | 0 |
| Workshop | 1 | 140 | / | 140 |
| Keep | 1 | 320 | / | 210 |
| Castle | 1 | 360 | / | 210 |
| total: | 17 | 1860g | / | 620w |
| 0:02 | Peasant |
| 0:02 | Peasant |
| 0:02 | Peasant |
| 0:12 | Altar of Kings |
| 0:19 | Farm |
| 0:28 | Peasant |
| 1:05 | Barracks |
| 1:24 | Farm |
| 1:39 | Peasant |
| 1:40 | Peasant |
| 2:01 | Farm |
| 2:08 | Arcane Vault |
| 2:10 | Footman |
| 2:14 | Arcane Vault |
| 2:20 | Arcane Vault |
| 2:23 | Footman |
| 3:10 | Footman |
| 3:10 | Footman |
| 3:13 | Flame Strike |
| 3:29 | Footman |
| 3:38 | Farm |
| 3:56 | Lesser Clarity Potion |
| 3:57 | Scroll of Regeneration |
| 3:58 | Scroll of Regeneration |
| 4:09 | Blacksmith |
| 4:55 | Footman |
| 5:04 | Siphon Mana |
| 5:14 | Footman |
| 5:38 | Footman |
| 5:39 | Rifleman |
| 5:40 | Footman |
| 6:11 | Keep |
| 6:13 | Farm |
| 6:17 | Rifleman |
| 6:37 | Rifleman |
| 6:40 | Scout Tower |
| 6:54 | Blacksmith |
| 6:56 | Lumber Mill |
| 7:05 | Black Gunpowder |
| 7:09 | Rifleman |
| 7:13 | Arcane Tower |
| 8:14 | Forest Troll Berserker |
| 8:14 | Forest Troll Shadow Priest |
| 8:26 | Flame Strike |
| 8:43 | Peasant |
| 8:43 | Peasant |
| 9:38 | Storm Bolt |
| 9:49 | Rifleman |
| 9:55 | Peasant |
| 9:55 | Peasant |
| 9:57 | Scroll of Regeneration |
| 10:32 | Rifleman |
| 11:20 | Potion of Lesser Invulnerability |
| 11:21 | Scroll of Healing |
| 11:32 | Workshop |
| 11:59 | Peasant |
| 11:59 | Peasant |
| 12:48 | Mortar Team |
| 12:59 | Rifleman |
| 13:04 | Rifleman |
| 13:44 | Rifleman |
| 13:44 | Rifleman |
| 14:15 | Mortar Team |
| 14:34 | Rifleman |
| 14:44 | Mortar Team |
| 15:03 | Farm |
| 15:04 | Improved Masonry |
| 15:06 | Castle |
| 15:24 | Scroll of Regeneration |
| 15:25 | Lesser Clarity Potion |
| 15:50 | Refined Gunpowder |
| 16:19 | Mortar Team |
| 17:01 | Mortar Team |
| 17:08 | Potion of Lesser Invulnerability |
| 18:05 | Scroll of Regeneration |
| 18:26 | Farm |
| 18:53 | Mortar Team |
| 19:13 | Mortar Team |
| 19:15 | Flare |
| 19:26 | Potion of Healing |
| 19:27 | Orb of Fire |
| 19:35 | Lesser Clarity Potion |
| 19:35 | Potion of Mana |
| 19:44 | Mortar Team |
| 19:46 | Studded Leather Armor |
| 20:11 | Bash |
| 20:33 | Mortar Team |
| 20:55 | Mortar Team |
| Right click | 1246 |
| Select group | 836 |
| Select | 419 |
| Misc. action | 155 |
| Build/train/purchase | 109 |
| Assign group | 67 |
| Use ability | 36 |
| Esc | 6 |
| Resource trade | 5 |
| Minimap ping | 4 |
| Remove unit | 1 |



| Rod of Necromancy | 1 | 150 |
| Sacrificial Skull | 2 | 100 |
| Dust of Appearance | 1 | 75 |
| Scroll of Town Portal | 1 | 350 |
| Potion of Lesser Invulnerability | 1 | 150 |
| total: | 6 | 825g |
| Acolyte | 19 | 1425 | / | 0 |
| Ghoul | 9 | 1080 | / | 0 |
| Crypt Fiend | 6 | 1290 | / | 240 |
| Frost Wyrm | 6 | 2310 | / | 720 |
| total: | 40 | 6105g | / | 960w |
| Spirit Tower | 4 | 580 | / | 160 |
| Nerubian Tower | 1 | 100 | / | 20 |
| Crypt | 2 | 400 | / | 100 |
| Ziggurat | 10 | 1500 | / | 500 |
| Altar of Darkness | 1 | 180 | / | 50 |
| Tomb of Relics | 1 | 130 | / | 30 |
| Graveyard | 1 | 215 | / | 0 |
| Necropolis | 1 | 225 | / | 0 |
| Sacrificial Pit | 1 | 75 | / | 150 |
| Boneyard | 3 | 525 | / | 600 |
| Halls of the Dead | 2 | 640 | / | 420 |
| Black Citadel | 2 | 650 | / | 460 |
| total: | 20 | 3250g | / | 1430w |
| 0:04 | Acolyte |
| 0:04 | Acolyte |
| 0:09 | Crypt |
| 0:14 | Ziggurat |
| 0:38 | Crypt |
| 1:11 | Altar of Darkness |
| 1:27 | Ghoul |
| 1:42 | Ziggurat |
| 1:49 | Ghoul |
| 2:01 | Ghoul |
| 2:15 | Tomb of Relics |
| 2:28 | Ghoul |
| 2:40 | Ghoul |
| 3:08 | Ghoul |
| 3:21 | Sleep |
| 3:22 | Rod of Necromancy |
| 3:24 | Sacrificial Skull |
| 3:24 | Sacrificial Skull |
| 3:37 | Cannibalize |
| 4:06 | Halls of the Dead |
| 5:46 | Ghoul |
| 5:46 | Ghoul |
| 5:49 | Graveyard |
| 5:51 | Ziggurat |
| 6:20 | Ghoul |
| 6:26 | Black Citadel |
| 6:53 | Sacrificial Pit |
| 7:37 | Ziggurat |
| 8:37 | Vampiric Aura |
| 8:41 | Death Coil |
| 8:59 | Boneyard |
| 9:03 | Boneyard |
| 9:08 | Boneyard |
| 9:13 | Acolyte |
| 9:29 | Web |
| 9:51 | Crypt Fiend |
| 10:16 | Frost Wyrm |
| 10:23 | Frost Wyrm |
| 10:23 | Frost Wyrm |
| 10:38 | Acolyte |
| 10:38 | Acolyte |
| 11:35 | Freezing Breath |
| 11:43 | Ziggurat |
| 11:45 | Crypt Fiend |
| 12:30 | Frost Wyrm |
| 12:37 | Necropolis |
| 12:43 | Ziggurat |
| 12:55 | Frost Wyrm |
| 13:34 | Ziggurat |
| 13:39 | Spirit Tower |
| 13:44 | Ziggurat |
| 13:52 | Unholy Aura |
| 14:03 | Crypt Fiend |
| 14:03 | Crypt Fiend |
| 14:13 | Acolyte |
| 14:13 | Acolyte |
| 14:32 | Acolyte |
| 14:39 | Potion of Lesser Invulnerability |
| 14:59 | Crypt Fiend |
| 15:14 | Acolyte |
| 15:14 | Acolyte |
| 15:25 | Spirit Tower |
| 15:39 | Burrow |
| 15:43 | Dust of Appearance |
| 16:15 | Acolyte |
| 16:15 | Acolyte |
| 16:16 | Acolyte |
| 16:25 | Crypt Fiend |
| 16:34 | Acolyte |
| 17:24 | Frost Wyrm |
| 17:41 | Scroll of Town Portal |
| 17:57 | Acolyte |
| 17:57 | Acolyte |
| 18:13 | Ziggurat |
| 18:42 | Ziggurat |
| 18:45 | Acolyte |
| 18:45 | Acolyte |
| 19:05 | Spirit Tower |
| 19:07 | Nerubian Tower |
| 19:42 | Silence |
| 20:10 | Acolyte |
| Right click | 793 |
| Select group | 345 |
| Select | 275 |
| Build/train/purchase | 77 |
| Misc. action | 53 |
| Assign group | 24 |
| Use ability | 19 |
| Item give/drop | 1 |
| Esc | 1 |
| Minimap ping | 1 |



| Rod of Necromancy | 1 | 150 |
| Potion of Healing | 5 | 750 |
| Scroll of Town Portal | 2 | 700 |
| Scroll of Healing | 1 | 250 |
| total: | 9 | 1850g |
| Acolyte | 2 | 150 | / | 0 |
| Ghoul | 11 | 1320 | / | 0 |
| Obsidian Statue | 3 | 600 | / | 105 |
| Abomination | 4 | 960 | / | 280 |
| Forest Troll Berserker | 1 | 245 | / | 30 |
| Forest Troll Shadow Priest | 1 | 195 | / | 10 |
| total: | 22 | 3470g | / | 425w |
| Nerubian Tower | 1 | 100 | / | 20 |
| Spirit Tower | 2 | 290 | / | 80 |
| Crypt | 1 | 200 | / | 50 |
| Altar of Darkness | 1 | 180 | / | 50 |
| Ziggurat | 5 | 750 | / | 250 |
| Tomb of Relics | 1 | 130 | / | 30 |
| Graveyard | 1 | 215 | / | 0 |
| Slaughterhouse | 3 | 420 | / | 405 |
| Halls of the Dead | 1 | 320 | / | 210 |
| Black Citadel | 1 | 325 | / | 230 |
| total: | 12 | 1895g | / | 785w |
| 0:03 | Acolyte |
| 0:04 | Acolyte |
| 0:10 | Crypt |
| 0:17 | Altar of Darkness |
| 0:35 | Ziggurat |
| 1:07 | Tomb of Relics |
| 1:28 | Ghoul |
| 1:31 | Ziggurat |
| 1:44 | Ghoul |
| 1:55 | Ghoul |
| 2:18 | Ghoul |
| 2:29 | Ghoul |
| 2:37 | Rod of Necromancy |
| 2:43 | Death Coil |
| 2:59 | Ghoul |
| 3:03 | Nerubian Tower |
| 3:32 | Ghoul |
| 3:46 | Ghoul |
| 3:58 | Halls of the Dead |
| 4:08 | Ghoul |
| 5:43 | Graveyard |
| 6:05 | Ziggurat |
| 6:07 | Ghoul |
| 6:33 | Ghoul |
| 6:52 | Black Citadel |
| 7:09 | Slaughterhouse |
| 7:20 | Unholy Aura |
| 7:41 | Slaughterhouse |
| 7:59 | Potion of Healing |
| 8:05 | Frost Nova |
| 8:09 | Ziggurat |
| 8:21 | Obsidian Statue |
| 9:01 | Forest Troll Berserker |
| 9:08 | Forest Troll Shadow Priest |
| 9:23 | Obsidian Statue |
| 9:27 | Slaughterhouse |
| 9:51 | Abomination |
| 9:53 | Ziggurat |
| 10:00 | Ghoul Frenzy |
| 11:06 | Dark Ritual |
| 11:19 | Death Coil |
| 11:34 | Abomination |
| 11:36 | Abomination |
| 12:46 | Sleep |
| 12:53 | Scroll of Town Portal |
| 12:53 | Potion of Healing |
| 12:55 | Potion of Healing |
| 13:21 | Unholy Armor |
| 13:23 | Spirit Tower |
| 15:05 | Obsidian Statue |
| 15:16 | Potion of Healing |
| 15:23 | Scroll of Town Portal |
| 18:14 | Abomination |
| 18:46 | Vampiric Aura |
| 19:19 | Potion of Healing |
| 19:30 | Scroll of Healing |
| 20:35 | Spirit Tower |
| 21:13 | Sleep |
| Right click | 765 |
| Select group | 641 |
| Select | 379 |
| Misc. action | 135 |
| Build/train/purchase | 67 |
| Chat | 49 |
| Use ability | 45 |
| Minimap ping | 34 |
| Assign group | 29 |
| Item give/drop | 1 |
| Esc | 1 |